[Event "Titled Tuesday Blitz October 31 Early 2023"]
[White "Rosen, Eric"]
[Black "Buchenau, Frank"]
[WhiteFideId "2032562"]
[BlackFideId "4604350"]
[WhiteElo "2667"]
[BlackElo "2471"]
[Result "1-0"]
[Round "11"]
[TimeControl "180+1"]
[Date "2023.10.31"]
[WhiteClock "0:01:02"]
[BlackClock "0:00:00"]
[Board "60"]

1. e4 e6 2. f4 d5 3. e5 c5 4. Nf3 Nc6 5. c3 d4 6. Na3 Nge7 7. Bd3 Nf5 8. O-O Be7 9. Be4 h5 10. g3 O-O 11. Qe2 Bd7 12. d3 Rb8 13. c4 a6 14. Kg2 b5 15. h3 g6 16. g4 Ng7 17. Bd2 Nb4 18. Bxb4 cxb4 19. Nc2 bxc4 20. dxc4 Bc5 21. Rad1 Qe7 22. b3 a5 23. Ncxd4 Rfd8 24. Rd2 a4 25. Rfd1 axb3 26. axb3 Be8 27. Kg3 1-0


[Site "https://www.chess.com"]

[Event "Titled Tuesday Blitz October 31 Early 2023"]
[White "Jakubowski, Krzysztof"]
[Black "Shuvalov, Evgenij"]
[WhiteFideId "1112848"]
[BlackFideId "4187237"]
[WhiteElo "2658"]
[BlackElo "2465"]
[Result "1-0"]
[Round "11"]
[TimeControl "180+1"]
[Date "2023.10.31"]
[WhiteClock "0:00:40"]
[BlackClock "0:00:26"]
[Board "61"]

1. e4 e6 2. d4 d5 3. Nc3 Bb4 4. e5 c5 5. a3 Bxc3+ 6. bxc3 Ne7 7. Nf3 b6 8. Bb5+ Bd7 9. Bd3 Ba4 10. h4 h6 11. h5 c4 12. Be2 Na6 13. Bf4 Nc7 14. Qd2 Kd7 15. Nh2 Qg8 16. Bg4 Qh7 17. Ra2 Kc6 18. O-O Kb7 19. Bh3 Nc6 20. Ng4 a5 21. Bg3 Ka6 22. Qc1 Nb5 23. Qd2 Raf8 24. Ne3 Ne7 25. Kh1 Nc7 26. Bh2 Nf5 27. Ng4 Nb5 28. Raa1 Rc8 29. f4 Qg8 30. Nf2 Qd8 31. g4 Ne7 32. f5 Nc6 33. Nd1 Qh4 34. Kg2 Rcf8 35. Bg3 Qd8 36. Nb2 Ncxd4 37. Nxa4 Nc6 38. Rfb1 d4 39. cxd4 Qd5+ 40. Kf2 Qxd4+ 41. Qxd4 Ncxd4 42. Ra2 g6 43. f6 gxh5 44. gxh5 Rhg8 45. Bf4 Rd8 46. Rab2 Rd5 47. Bg2 Rdd8 48. Be4 Rg4 49. Ke3 Rh4 50. Bg2 Rg8 51. Bf1 Rgg4 52. Bxc4 Rxf4 53. Bxb5+ Nxb5 54. Rxb5 Re4+ 55. Kd3 Rd4+ 56. Kc3 Rxa4 57. Rxb6+ Ka7 58. Rb7+ Ka8 59. Rb8+ Ka7 60. R1b7+ Ka6 61. Rb6+ Ka7 62. R8b7+ Ka8 63. Rxf7 Rxa3+ 64. Kb2 Re3 65. Rxe6 Rhe4 66. Re8# 1-0


[Site "https://www.chess.com"]

[Event "Titled Tuesday Blitz October 31 Early 2023"]
[White "Volkov, Maksim"]
[Black "Devaev, Alexander"]
[WhiteFideId "54123070"]
[BlackFideId "4169395"]
[WhiteElo "2633"]
[BlackElo "2462"]
[Result "1-0"]
[Round "11"]
[TimeControl "180+1"]
[Date "2023.10.31"]
[WhiteClock "0:00:06"]
[BlackClock "0:00:04"]
[Board "62"]

1. a3 d5 2. Nf3 c5 3. e3 a6 4. b4 e6 5. Bb2 Nf6 6. c4 dxc4 7. Bxc4 b5 8. Be2 cxb4 9. axb4 Bb7 10. Qb3 Bd5 11. Qa3 Bd6 12. Nc3 Bb7 13. O-O O-O 14. Nd4 Qe7 15. Qb3 Nbd7 16. Bf3 Bxf3 17. gxf3 Nb6 18. d3 Rfc8 19. Kh1 Bxb4 20. Ne4 Nbd7 21. Rg1 Bc5 22. Nxc5 Nxc5 23. Qa3 Rc7 24. Nxb5 Rb7 25. Bxf6 Qxf6 26. Qxc5 Rab8 27. Nd6 Qxf3+ 28. Rg2 Rb1+ 29. Qc1 Rxc1+ 30. Rxc1 g6 31. Ne4 Rb2 32. Nd6 a5 33. Kg1 a4 34. Nc4 Ra2 35. Rf1 Qd5 36. Rd1 Rc2 37. Ra1 Qb5 38. Rg4 Qb3 39. Ne5 Ra2 40. Rc1 Qb2 41. Rc8+ Kg7 42. Rf4 f5 43. Rc7+ Kh6 44. Nf7+ Kh5 45. Kg2 Qb8 46. Re7 Qa8+ 47. Kg3 Qh1 48. Rh4# 1-0


[Site "https://www.chess.com"]

[Event "Titled Tuesday Blitz October 31 Early 2023"]
[White "Arslanov, Shamil"]
[Black "Miszler, Levente"]
[WhiteFideId "4192826"]
[BlackFideId "763276"]
[WhiteElo "2603"]
[BlackElo "2441"]
[Result "1-0"]
[Round "11"]
[TimeControl "180+1"]
[Date "2023.10.31"]
[WhiteClock "0:00:12"]
[BlackClock "0:01:55"]
[Board "63"]

1. d4 Nf6 2. f3 d5 3. e4 e6 4. e5 Nfd7 5. f4 c5 6. c3 Nc6 7. Nf3 cxd4 8. cxd4 Bb4+ 9. Nc3 f6 10. Bd3 fxe5 11. fxe5 O-O 12. Bxh7+ Kxh7 13. Ng5+ Kg6 14. h4 Ndxe5 15. dxe5 Nxe5 16. h5+ Kf6 17. Qd4 Qd6 18. Bf4 Bc5 19. Bxe5+ Qxe5+ 20. Nce4+ dxe4 21. Nxe4+ Kf5 22. Rf1+ Qf4 23. Rxf4+ Kxf4 24. Nxc5+ Kf5 25. Qxg7 1-0


[Site "https://www.chess.com"]

[Event "Titled Tuesday Blitz October 31 Early 2023"]
[White "Ginzburg, Yakov"]
[Black "Liu, Casper"]
[WhiteFideId "4157176"]
[BlackFideId "1454153"]
[WhiteElo "2603"]
[BlackElo "2455"]
[Result "1-0"]
[Round "11"]
[TimeControl "180+1"]
[Date "2023.10.31"]
[WhiteClock "0:00:23"]
[BlackClock "0:00:00"]
[Board "64"]

1. d4 Nf6 2. Nf3 g6 3. g3 Bg7 4. Bg2 c5 5. c3 cxd4 6. cxd4 O-O 7. O-O b6 8. Ne5 d5 9. Nc3 Bb7 10. a4 Nbd7 11. a5 bxa5 12. Qb3 Rb8 13. Bf4 Ba8 14. Qa3 Rb4 15. e3 Nxe5 16. Bxe5 e6 17. Rfb1 Qb6 18. Qxa5 Rxb2 19. Qxb6 Rxb6 20. Rxa7 Rxb1+ 21. Nxb1 Rc8 22. Nc3 Ne8 23. Bxg7 Kxg7 24. Na4 Rc1+ 25. Bf1 Bc6 26. Kg2 Ra1 27. Ra6 Bxa4 28. Bb5 Bxb5 29. Rxa1 Nd6 30. f3 Nf5 31. Kf2 h5 32. Rb1 Bd3 33. Rb3 Bc4 34. Ra3 Kf6 35. Rc3 Nd6 36. Rc1 Kg5 37. h4+ Kf5 38. Ra1 f6 39. Rg1 e5 40. g4+ hxg4 41. Rxg4 e4 42. Rf4+ Ke6 43. Rg4 Kf5 44. Rf4+ Ke6 45. Rg4 Kf7 46. Rg1 Nf5 47. Rh1 Bd3 48. f4 Bb5 49. h5 g5 50. fxg5 fxg5 51. h6 Kg8 52. Rh5 Kh7 53. Rxg5 1-0


[Site "https://www.chess.com"]

[Event "Titled Tuesday Blitz October 31 Early 2023"]
[White "FoxOnTheRun97"]
[Black "Kostiukov, Alexandr"]
[BlackFideId "14108100"]
[WhiteElo "2600"]
[BlackElo "2428"]
[Result "1-0"]
[Round "11"]
[TimeControl "180+1"]
[Date "2023.10.31"]
[WhiteClock "0:00:09"]
[BlackClock "0:00:00"]
[Board "65"]

1. d4 g6 2. e4 c5 3. c3 cxd4 4. cxd4 d5 5. exd5 Nf6 6. Nc3 Nxd5 7. Bb5+ Nc6 8. Qa4 Qd6 9. Nge2 Bd7 10. O-O Bg7 11. Ne4 Qb4 12. Nc5 Qxa4 13. Bxa4 O-O-O 14. Nxd7 Rxd7 15. Be3 e5 16. Rac1 Nxe3 17. fxe3 Kc7 18. d5 Rxd5 19. Rxf7+ Rd7 20. Rcf1 Rd8 21. Nc3 Rxf7 22. Rxf7+ Rd7 23. Rxd7+ Kxd7 24. Kf2 Kd6 25. Kf3 Nb4 26. Bb3 a6 27. Ne4+ Ke7 28. Ke2 Nc6 29. Nc5 Nd8 30. Bd5 Kd6 31. Nxb7+ Kxd5 32. Nxd8 Bf8 33. Nf7 Be7 34. Nh6 1-0


[Site "https://www.chess.com"]

[Event "Titled Tuesday Blitz October 31 Early 2023"]
[White "Bobomurodova, Maftuna"]
[Black "brm72"]
[WhiteFideId "14207400"]
[WhiteElo "2396"]
[BlackElo "2577"]
[Result "1-0"]
[Round "11"]
[TimeControl "180+1"]
[Date "2023.10.31"]
[WhiteClock "0:00:14"]
[BlackClock "0:00:00"]
[Board "66"]

1. e4 c5 2. Nf3 d6 3. Bb5+ Nd7 4. O-O a6 5. Bd3 Ngf6 6. c3 b5 7. Bc2 Bb7 8. Re1 c4 9. d4 cxd3 10. Bxd3 g6 11. Bc2 Bg7 12. Nbd2 O-O 13. Nf1 Rc8 14. Ng3 Qc7 15. Bd2 Nb6 16. b3 Nfd7 17. Rc1 Bxc3 18. Bb1 b4 19. h4 Ne5 20. Nxe5 dxe5 21. h5 Rfd8 22. Nf1 a5 23. Qe2 Qd6 24. Red1 Bxd2 25. Rxc8 Rxc8 26. Rxd2 Qc6 27. hxg6 hxg6 28. Ne3 Qe6 29. Bd3 Rc1+ 30. Kh2 Qf6 31. g3 Qg5 32. Rd1 Rc3 33. Bb1 Kg7 34. Kg2 f5 35. Nd5 Nxd5 36. exd5 e4 37. Qb5 Rc7 38. Qe2 Rd7 39. Qb2+ Kh7 40. Qe5 Qf6 41. Rh1+ Kg7 42. Qb8 e6 43. Qh8+ Kf7 44. Rh7+ 1-0


[Site "https://www.chess.com"]

[Event "Titled Tuesday Blitz October 31 Early 2023"]
[White "Jaskolka, Tomasz"]
[Black "Prieto Aranguren, Alain"]
[WhiteFideId "1170791"]
[BlackFideId "2268906"]
[WhiteElo "2567"]
[BlackElo "2427"]
[Result "0-1"]
[Round "11"]
[TimeControl "180+1"]
[Date "2023.10.31"]
[WhiteClock "0:00:08"]
[BlackClock "0:00:18"]
[Board "67"]

1. e4 c5 2. Nf3 d6 3. Bb5+ Nd7 4. a4 Nf6 5. Nc3 g6 6. a5 Bg7 7. a6 O-O 8. O-O bxa6 9. Bxa6 Bxa6 10. Rxa6 Qc8 11. Ra3 Qb7 12. d3 Nb8 13. Bd2 Nc6 14. Qa1 Nb4 15. Rc1 Ne8 16. Nd1 Nc7 17. Bxb4 cxb4 18. Ra4 Rfc8 19. Qa2 Qb6 20. Ne3 a5 21. Nc4 Qc5 22. b3 d5 23. exd5 Nxd5 24. Rxa5 Rxa5 25. Qxa5 Qxa5 26. Nxa5 Nc3 27. Re1 e6 28. Nc4 Ra8 29. h4 Ra2 30. h5 gxh5 31. Kh2 Bf6 32. Ne3 Kg7 33. Kg3 Nb5 34. Nd2 Bc3 35. Rd1 Nd4 36. Ne4 Nxc2 37. Nxc3 bxc3 38. b4 Nxb4 39. Rc1 c2 40. Kf3 Nxd3 41. Rxc2 Ne1+ 42. Kf4 Nxc2 43. Nc4 Ra4 44. Kg5 Rxc4 45. f4 Rc5+ 46. f5 Rxf5+ 47. Kh4 Ra5 48. g3 Ra8 49. Kxh5 Na1 50. g4 Ra5+ 51. g5 h6 52. Kg4 Rxg5+ 53. Kf4 0-1


[Site "https://www.chess.com"]

[Event "Titled Tuesday Blitz October 31 Early 2023"]
[White "Kiremitciyan, Ari"]
[Black "Marcziter, Dmitrii"]
[WhiteFideId "6373445"]
[BlackFideId "13900765"]
[WhiteElo "2563"]
[BlackElo "2389"]
[Result "1-0"]
[Round "11"]
[TimeControl "180+1"]
[Date "2023.10.31"]
[WhiteClock "0:00:06"]
[BlackClock "0:00:00"]
[Board "68"]

1. Nf3 Nf6 2. b3 g6 3. Bb2 Bg7 4. g3 O-O 5. Bg2 d6 6. d4 e5 7. dxe5 Ng4 8. O-O Nxe5 9. Qc1 Nbc6 10. Nbd2 f5 11. a3 Be6 12. c4 Qe7 13. b4 Rae8 14. b5 Na5 15. Nxe5 dxe5 16. Bc3 Nxc4 17. Bb4 Nd6 18. Bxb7 Rb8 19. Bc6 e4 20. Qc5 Qf7 21. Rad1 Rfd8 22. a4 Nc8 23. Nxe4 Nb6 24. Ng5 Qf6 25. Nxe6 Qxe6 26. a5 Na4 27. Qe7 Qxe7 28. Bxe7 Rxd1 29. Rxd1 Nc3 30. Rd7 Nxb5 31. e3 Be5 32. Bd5+ Kh8 33. f4 Bg7 34. a6 Nc3 35. Bb7 Nb5 36. Bc5 Re8 37. Bc6 Nc3 38. Bxa7 Nd1 39. Rxd1 g5 40. Bxe8 Bc3 41. Rd3 1-0


[Site "https://www.chess.com"]

[Event "Titled Tuesday Blitz October 31 Early 2023"]
[White "Andreev, Konstantin"]
[Black "chessculator16"]
[WhiteFideId "24239305"]
[WhiteElo "2558"]
[BlackElo "2360"]
[Result "0-1"]
[Round "11"]
[TimeControl "180+1"]
[Date "2023.10.31"]
[WhiteClock "0:01:55"]
[BlackClock "0:02:17"]
[Board "69"]

1. e4 c6 2. d4 d5 3. e5 Bf5 4. Nf3 e6 5. Be2 c5 6. Be3 Qb6 7. Nc3 Nc6 8. Nb5 c4 9. Nc3 Qxb2 10. Qb1 Qxc2 11. Qxb7 Qxc3+ 12. Bd2 Qxa1+ 13. Bd1 Nge7 14. Qxa8+ Nd8 15. Ke2 Bd3+ 16. Ke3 Qxa2 17. Qb8 g6 18. Bb4 Bh6+ 19. Ng5 Bxg5+ 20. f4 Nf5+ 21. Kf3 Be4+ 22. Kg4 Qxg2# 0-1


[Site "https://www.chess.com"]

[Event "Titled Tuesday Blitz October 31 Early 2023"]
[White "Golubev, Mikhail"]
[Black "Dishman, Stephen"]
[WhiteFideId "14100983"]
[BlackFideId "403024"]
[WhiteElo "2545"]
[BlackElo "2348"]
[Result "1-0"]
[Round "11"]
[TimeControl "180+1"]
[Date "2023.10.31"]
[WhiteClock "0:00:28"]
[BlackClock "0:00:50"]
[Board "70"]

1. e4 c5 2. Nf3 g6 3. d4 cxd4 4. Nxd4 Nc6 5. Nc3 Bg7 6. Be3 Nf6 7. Bc4 O-O 8. Bb3 Re8 9. h3 d6 10. Qd2 Na5 11. O-O-O Nxb3+ 12. axb3 Bd7 13. f4 Bc6 14. Qd3 Qa5 15. Kb1 Nd7 16. Nxc6 bxc6 17. e5 Nc5 18. Bxc5 Qxc5 19. Ne4 Qb4 20. exd6 exd6 21. Nxd6 Red8 22. Qc4 Qxc4 23. Nxc4 a5 24. c3 a4 25. Rxd8+ Rxd8 26. bxa4 Ra8 27. a5 Bf8 28. b4 h5 29. Kc2 Kg7 30. Ra1 Kf6 31. a6 Ra7 32. Nb6 Bd6 33. Nc8 Bb8 34. Nxa7 Bxa7 35. c4 Kf5 36. b5 cxb5 37. cxb5 Kxf4 38. Rf1+ Kg3 39. Rxf7 Bg1 40. a7 Bxa7 41. Rxa7 Kxg2 42. b6 Kxh3 43. b7 g5 44. b8=Q g4 45. Ra3+ g3 46. Qxg3# 1-0


[Site "https://www.chess.com"]

[Event "Titled Tuesday Blitz October 31 Early 2023"]
[White "LeoLV10"]
[Black "Matthes, Aaron"]
[BlackFideId "16227310"]
[WhiteElo "2542"]
[BlackElo "2347"]
[Result "1-0"]
[Round "11"]
[TimeControl "180+1"]
[Date "2023.10.31"]
[WhiteClock "0:00:57"]
[BlackClock "0:00:08"]
[Board "71"]

1. e4 c6 2. d4 d5 3. e5 c5 4. dxc5 e6 5. a3 Bxc5 6. b4 Be7 7. Qg4 Kf8 8. Bd3 Nd7 9. Nf3 f5 10. Qd4 Qb6 11. Qb2 Kf7 12. O-O Nh6 13. Be3 Qc7 14. Nbd2 Ng4 15. Bd4 h5 16. h3 Nh6 17. c4 dxc4 18. Nxc4 b5 19. Ncd2 a6 20. Rac1 Qb8 21. Bb1 Bb7 22. Ba2 Re8 23. Be3 g5 24. Rfd1 f4 25. Qb1 Nf8 26. Bc5 g4 27. Nd4 Qxe5 28. Re1 Qg5 29. Nxe6 Nxe6 30. Rxe6 Kg7 31. Bd4+ Kf8 32. Rg6 Rad8 33. Bg7# 1-0


[Site "https://www.chess.com"]

[Event "Titled Tuesday Blitz October 31 Early 2023"]
[White "Tharushi, T H D Niklesha"]
[Black "Tologon tegin, Semetei"]
[WhiteFideId "9918264"]
[BlackFideId "13800574"]
[WhiteElo "2283"]
[BlackElo "2518"]
[Result "0-1"]
[Round "11"]
[TimeControl "180+1"]
[Date "2023.10.31"]
[WhiteClock "0:02:09"]
[BlackClock "0:02:37"]
[Board "72"]

1. e4 Nc6 2. d4 d5 3. e5 Bf5 4. c3 e6 5. Bd3 Nge7 6. Nf3 Bxd3 7. Qxd3 Nf5 8. g4 Nh4 9. h3 Be7 10. Bf4 a6 11. Nbd2 Ng2+ 12. Kd1 Nxf4 13. Qe3 g5 14. h4 Ng2 15. Qe2 Nxh4 16. Nxh4 gxh4 17. Nf3 h6 18. Kc2 Bg5 19. Rh2 Ne7 20. Rah1 Ng6 21. Qd1 Qd7 22. Ng1 Qa4+ 0-1


[Site "https://www.chess.com"]

[Event "Titled Tuesday Blitz October 31 Early 2023"]
[White "Souza, Gustavo Horokoski De"]
[Black "Estrada Nieto, Julian"]
[WhiteFideId "2146584"]
[BlackFideId "5101018"]
[WhiteElo "2180"]
[BlackElo "2508"]
[Result "0-1"]
[Round "11"]
[TimeControl "180+1"]
[Date "2023.10.31"]
[WhiteClock "0:00:00"]
[BlackClock "0:00:06"]
[Board "73"]

1. c4 e5 2. Nc3 Nf6 3. Nf3 Nc6 4. e4 Bb4 5. d3 d6 6. h3 O-O 7. Be2 Nd4 8. O-O Nxe2+ 9. Qxe2 c6 10. a3 Ba5 11. b4 Bc7 12. Bb2 Nh5 13. Bc1 h6 14. Rd1 Qf6 15. d4 Nf4 16. Bxf4 Qxf4 17. dxe5 dxe5 18. Qd2 Qf6 19. Qe3 Be6 20. c5 Rfd8 21. Rxd8+ Rxd8 22. Rd1 Rxd1+ 23. Nxd1 Qd8 24. Qd2 Qxd2 25. Nxd2 Kf8 26. f3 a5 27. Kf2 axb4 28. axb4 g6 29. Ke3 Ke7 30. Nf2 f5 31. exf5 gxf5 32. Nd3 Bd5 33. g4 f4+ 34. Ke2 Ke6 35. Ne4 Bxe4 36. fxe4 Bd8 37. Kf3 Bf6 38. Ke2 Kf7 39. Kf3 Kg6 40. Ne1 Kf7 41. Nd3 Ke6 42. Ke2 Bd8 43. Kf3 b5 44. Ke2 Bc7 45. Kf3 Kf6 46. Nf2 Kg5 47. Nd3 Kh4 48. Kg2 f3+ 49. Kxf3 Kxh3 50. Ne1 Bd8 51. Nd3 Bf6 52. Nf2+ Kh4 53. Nh1 Bg5 54. Ng3 Bd2 55. Nf5+ Kg5 56. Ne7 Bxb4 57. Nxc6 Bxc5 58. Nxe5 b4 59. Nd3 Be7 60. Nc1 Kf6 61. Kf4 Bd6+ 62. Ke3 Bc5+ 63. Kf4 Ke6 64. Nb3 Bd6+ 65. Ke3 Ke5 66. Nd2 Be7 67. Nb3 Bg5+ 68. Kf3 Bf4 69. Na5 Bc1 70. Nb3 Bb2 71. Ke3 Bc3 72. Kd3 Kf4 73. Nc1 Kxg4 74. Ne2 Be5 75. Kc4 Kf3 76. Nc1 Kxe4 77. Kxb4 h5 78. Ne2 h4 79. Kc4 h3 0-1


[Site "https://www.chess.com"]

[Event "Titled Tuesday Blitz October 31 Early 2023"]
[White "Phillips, Rene"]
[Black "Tikhonov, Viacheslav"]
[WhiteFideId "2056275"]
[BlackFideId "44196407"]
[WhiteElo "2069"]
[BlackElo "2505"]
[Result "0-1"]
[Round "11"]
[TimeControl "180+1"]
[Date "2023.10.31"]
[WhiteClock "0:00:39"]
[BlackClock "0:01:00"]
[Board "74"]

1. d4 Nf6 2. Bf4 g6 3. e3 Bg7 4. Nf3 c5 5. c3 b6 6. Nbd2 Bb7 7. Bd3 O-O 8. Qe2 d5 9. Ne5 Nfd7 10. h4 Nxe5 11. Bxe5 f6 12. Bg3 e5 13. h5 e4 14. Bc2 f5 15. hxg6 hxg6 16. Be5 Bxe5 17. dxe5 Qe7 18. O-O-O Qxe5 19. Rh6 Kg7 20. Rdh1 Ba6 21. Rxg6+ Kxg6 22. Qh5+ Kf6 23. Qh6+ Ke7 24. Qg5+ Qf6 25. Qf4 Nd7 26. Ba4 b5 27. Bd1 Rh8 28. Rg1 Rag8 29. Qc7 Qb6 30. Qf4 Qd6 31. Qxf5 Qe5 32. Qxe5+ Nxe5 33. Bc2 Rh2 0-1


[Site "https://www.chess.com"]

[Event "Titled Tuesday Blitz October 31 Early 2023"]
[White "Sharapov, Evgeny"]
[Black "Topalov, Aleksandar"]
[WhiteFideId "14103133"]
[BlackFideId "925659"]
[WhiteElo "2644"]
[BlackElo "2280"]
[Result "0-1"]
[Round "11"]
[TimeControl "180+1"]
[Date "2023.10.31"]
[WhiteClock "0:02:10"]
[BlackClock "0:02:26"]
[Board "75"]

1. e4 e6 2. d4 d5 3. Nc3 Bb4 4. e5 Qd7 5. a3 Bxc3+ 6. bxc3 b6 7. Qg4 f5 8. Qh5+ Qf7 9. Qd1 Ba6 10. Bxa6 Nxa6 11. h4 Nb8 12. Nh3 h6 13. h5 Nc6 14. Nf4 Nge7 15. Qf3 Na5 16. a4 Nc4 17. Ba3 g5 18. hxg6 Nxg6 19. Nh5 O-O-O 20. a5 Kb7 21. axb6 axb6 22. Bb4 Ra8 23. Ke2 Rxa1 24. Rxa1 Nh4 25. Qh3 Qxh5+ 26. f3 Qg5 0-1


[Site "https://www.chess.com"]

[Event "Titled Tuesday Blitz October 31 Early 2023"]
[White "Hoffmann, Asa"]
[Black "Gurevich, Dmitry"]
[WhiteFideId "2001470"]
[BlackFideId "2000407"]
[WhiteElo "2402"]
[BlackElo "2532"]
[Result "0-1"]
[Round "11"]
[TimeControl "180+1"]
[Date "2023.10.31"]
[WhiteClock "0:00:16"]
[BlackClock "0:00:28"]
[Board "76"]

1. d4 d5 2. Bg5 f6 3. Bh4 Nh6 4. e3 Nf5 5. Bg3 h5 6. h4 Nxg3 7. fxg3 Bg4 8. Qd2 e6 9. Bd3 Bd6 10. Kf2 c5 11. c3 Qc7 12. Bg6+ Ke7 13. Ne2 Bxe2 14. Qxe2 Bxg3+ 15. Kg1 f5 16. Bxh5 Nd7 17. Nd2 Nf6 18. Bf3 Bxh4 19. Rh3 Bg5 20. Nf1 Rxh3 21. gxh3 Rh8 22. Kg2 Rh4 23. Ng3 g6 24. Rh1 Ne4 25. Bxe4 dxe4 26. Qc4 Bxe3 27. d5 Bf4 28. Ne2 Be5 29. Rd1 Rh8 30. dxe6 Rd8 31. Rxd8 Kxd8 32. Qd5+ Ke7 33. h4 Qd6 34. Qxb7+ Kxe6 35. Qc8+ Kf7 36. Qb7+ Qe7 37. Qd5+ Kg7 38. h5 gxh5 39. Ng3 Bxg3 40. Kxg3 Qg5+ 41. Kh3 Qg4+ 42. Kh2 h4 43. Qd7+ Kg6 44. Qe6+ Kg5 45. Qg8+ Kf4 46. Qb8+ Kf3 47. Qxa7 Qg2# 0-1


[Site "https://www.chess.com"]

[Event "Titled Tuesday Blitz October 31 Early 2023"]
[White "chess123456s"]
[Black "Matveeva, Olga"]
[BlackFideId "24107018"]
[WhiteElo "2526"]
[BlackElo "2419"]
[Result "1-0"]
[Round "11"]
[TimeControl "180+1"]
[Date "2023.10.31"]
[WhiteClock "0:01:14"]
[BlackClock "0:00:55"]
[Board "77"]

1. d4 d5 2. Nc3 Nf6 3. Bf4 c5 4. e4 dxe4 5. dxc5 Bd7 6. Bb5 Nc6 7. Nge2 e5 8. Bxc6 Bxc6 9. Qxd8+ Rxd8 10. Bxe5 Bxc5 11. O-O Ke7 12. Ng3 e3 13. fxe3 Bxe3+ 14. Kh1 Rd2 15. Bxf6+ gxf6 16. Nf5+ Ke6 17. Nxe3 Rg8 18. Rg1 h5 19. Rad1 Rf2 20. Rde1 Kd7 21. Ref1 Rd2 22. Rd1 Rxd1 23. Rxd1+ Ke6 24. Kg1 h4 25. Kf2 f5 26. g3 hxg3+ 27. hxg3 Rh8 28. Ng2 Rh2 29. Rg1 Ke5 30. Ne2 Be4 31. c3 a5 32. Nf4 a4 33. b3 axb3 34. axb3 b5 35. Ra1 Rh8 36. Ra5 1-0


[Site "https://www.chess.com"]

[Event "Titled Tuesday Blitz October 31 Early 2023"]
[White "Seresin, Francesco"]
[Black "Baches Garcia, Guillermo"]
[WhiteFideId "886335"]
[BlackFideId "2209764"]
[WhiteElo "2397"]
[BlackElo "2511"]
[Result "1-0"]
[Round "11"]
[TimeControl "180+1"]
[Date "2023.10.31"]
[WhiteClock "0:00:39"]
[BlackClock "0:00:00"]
[Board "78"]

1. d4 d5 2. c4 e6 3. Nf3 h6 4. Nc3 Nf6 5. Qd3 Bd6 6. g3 Nc6 7. Bg2 Nb4 8. Qd1 c5 9. a3 Nc6 10. cxd5 exd5 11. O-O cxd4 12. Nxd4 O-O 13. Nxc6 bxc6 14. e4 dxe4 15. Nxe4 Nxe4 16. Bxe4 Bh3 17. Re1 Rc8 18. Be3 Qf6 19. Bd4 Qg5 20. Be3 Qf6 21. Bd4 Qg5 22. Qc1 Qa5 23. Qc3 Qxc3 24. Bxc3 Rfd8 25. Rad1 c5 26. Rd2 Bf8 27. Red1 Rxd2 28. Rxd2 Re8 29. f3 g5 30. g4 h5 31. gxh5 g4 32. Kf2 Bh6 33. Re2 Rd8 34. Kg3 gxf3 35. Bxf3 Be6 36. Be4 Kf8 37. h4 Rd1 38. Bf6 Ke8 39. Bg5 Bg7 40. h6 Be5+ 41. Bf4 Bd4 42. Bf5 Kd7 43. Bxe6+ fxe6 44. Kg4 Ke7 45. Bg5+ Kf7 46. Kh5 Rg1 47. Re4 Kg8 48. Rxe6 Bxb2 49. Rc6 Bd4 50. Rc7 Kh8 51. Kg6 1-0


[Site "https://www.chess.com"]

[Event "Titled Tuesday Blitz October 31 Early 2023"]
[White "Kahlert, Thomas"]
[Black "Reprintsev, Alexander"]
[WhiteFideId "4625242"]
[BlackFideId "14100541"]
[WhiteElo "2388"]
[BlackElo "2501"]
[Result "1-0"]
[Round "11"]
[TimeControl "180+1"]
[Date "2023.10.31"]
[WhiteClock "0:00:05"]
[BlackClock "0:00:06"]
[Board "79"]

1. c4 e5 2. Nc3 Nf6 3. Nf3 e4 4. Nd4 c5 5. Nc2 b6 6. g3 Bb7 7. Bg2 Bd6 8. O-O O-O 9. d3 Re8 10. Nxe4 Nxe4 11. dxe4 Bf8 12. f3 Nc6 13. Bd2 g6 14. Bc3 Bg7 15. Qd2 Qe7 16. Rad1 Rad8 17. Bxg7 Kxg7 18. Qd6 Qxd6 19. Rxd6 Ne5 20. b3 f6 21. Rfd1 Re7 22. Kf2 Nf7 23. R6d2 d6 24. h3 Rde8 25. Na3 a6 26. Nb1 Bc6 27. Nc3 b5 28. Nd5 Rb7 29. Rc1 bxc4 30. Rxc4 a5 31. e3 a4 32. Rb2 Reb8 33. Rc3 Ne5 34. Bf1 Bxd5 35. exd5 c4 36. f4 a3 37. Rd2 cxb3 38. Rxb3 Rxb3 39. axb3 Nd7 40. Bc4 Nc5 41. Ra2 Ra8 42. Ke1 Ne4 43. g4 Nc3 44. Ra1 a2 45. Kd2 Ne4+ 46. Kc2 Nf2 47. Kb2 Nxh3 48. Rxa2 Re8 49. Ra6 Rxe3 50. Rxd6 Nxf4 51. Rd7+ Kh6 52. d6 Re1 53. Re7 Rd1 54. d7 Kg5 55. Bb5 Kxg4 56. Re8 h5 57. d8=Q Rxd8 58. Rxd8 h4 59. Ba6 h3 60. b4 h2 61. Bb7 Kg3 62. b5 g5 63. b6 g4 64. Rh8 Ng6 65. Rh6 Ne5 66. Bd5 Nd3+ 67. Kc3 Nc5 68. Kc4 Nd7 69. b7 f5 70. Kb5 f4 71. Kc6 Nb8+ 72. Kc7 Na6+ 73. Kb6 f3 74. Kxa6 f2 75. Bc4 Kg2 76. b8=Q g3 77. Qb7+ Kg1 78. Qb1+ Kg2 79. Qf1+ Kf3 80. Qe2+ 1-0


[Site "https://www.chess.com"]

[Event "Titled Tuesday Blitz October 31 Early 2023"]
[White "Zivic, Dragan"]
[Black "Heinemann, Josefine"]
[WhiteFideId "904740"]
[BlackFideId "12900460"]
[WhiteElo "2320"]
[BlackElo "2499"]
[Result "1/2-1/2"]
[Round "11"]
[TimeControl "180+1"]
[Date "2023.10.31"]
[WhiteClock "0:00:06"]
[BlackClock "0:00:17"]
[Board "80"]

1. c4 g6 2. Nc3 c5 3. Nf3 Bg7 4. d4 cxd4 5. Nxd4 Nc6 6. e3 Nxd4 7. exd4 Nf6 8. g3 d5 9. Bg2 dxc4 10. Qa4+ Qd7 11. Qxc4 O-O 12. O-O Qd8 13. Bg5 Be6 14. Qa4 Qb6 15. d5 Bd7 16. Qa3 Rfe8 17. Rae1 Qd6 18. Qxd6 exd6 19. Bf4 Rxe1 20. Rxe1 Ne8 21. Re7 Rd8 22. Bf1 Bf6 23. Re1 g5 24. Bd2 Nc7 25. Bg2 h6 26. Ne4 Bxb2 27. Nxd6 Bc8 28. Nxc8 Rxc8 29. d6 Ne6 30. Bxb7 Rd8 31. Bb4 Kg7 32. Bc6 Nd4 33. Bg2 Nf5 34. Rd1 Be5 35. d7 Nd4 36. Bc5 Rxd7 37. Bxd4 Rxd4 38. Rxd4 Bxd4 39. Bd5 f5 40. Kg2 Kf6 41. f3 Ke5 42. Bb3 f4 43. g4 Bb6 44. Bf7 Kd4 45. Bb3 Ke3 46. Bd5 Bc5 47. h3 Ke2 48. Be4 1/2-1/2


[Site "https://www.chess.com"]

[Event "Titled Tuesday Blitz October 31 Early 2023"]
[White "Lehtosaari, Mauri"]
[Black "gpsji27"]
[WhiteFideId "501999"]
[WhiteElo "2497"]
[BlackElo "2319"]
[Result "1-0"]
[Round "11"]
[TimeControl "180+1"]
[Date "2023.10.31"]
[WhiteClock "0:00:12"]
[BlackClock "0:00:09"]
[Board "81"]

1. d4 d5 2. Nf3 Nf6 3. Bg5 Ne4 4. Bf4 c5 5. e3 Nc6 6. c3 Bf5 7. Nbd2 e6 8. h3 h6 9. Ne5 Nxe5 10. Bxe5 f6 11. Bb5+ Kf7 12. Bh2 Bd6 13. Bxd6 Nxd6 14. Be2 Qc7 15. O-O g5 16. Bh5+ Bg6 17. Qe2 Rag8 18. Rae1 Kf8 19. Bxg6 Rxg6 20. e4 dxe4 21. Nxe4 Nxe4 22. Qxe4 f5 23. Qe3 g4 24. h4 cxd4 25. Qxd4 Rh7 26. g3 Kg8 27. Rd1 Rf7 28. Rfe1 f4 29. Rd3 fxg3 30. Rxg3 h5 31. Re5 Rf5 32. Rge3 Rgf6 33. Rxe6 Rxf2 34. Re8+ Rf8 35. Qd5+ Qf7 36. Qg5+ Qg7 37. Rxf8+ Rxf8 38. Qxh5 g3 39. Qg5 Qxg5 40. hxg5 Rf5 41. Rxg3 Kg7 42. Kg2 Rb5 43. b3 Ra5 44. a4 Rd5 45. c4 Rd2+ 46. Kf3 Rb2 47. Kf4 Kg6 48. Ke5 Re2+ 49. Kd6 Rf2 50. Re3 Kxg5 51. Kd7 Rb2 52. Kc7 b6 53. Kb7 Kf4 54. Rh3 Kg4 55. Rc3 Kf4 56. Kxa7 Ke4 57. Kxb6 Kd4 58. Rh3 Rb1 59. c5 Ke4 60. c6 Kd5 61. c7 Rc1 62. Kb7 Kc5 63. c8=Q+ Kb4 64. Qxc1 Ka5 65. Qc5# 1-0


[Site "https://www.chess.com"]